 Dungeon Crawl Stone Soup version 0.27-a0-364-g31b3477d74 (webtiles) character file.

Game seed: 2207500505694742158

2842 tilp the Martial Artist (level 9, -5/62 HPs)
             Began as an Octopode Transmuter on Feb 16, 2021.
             Was a Priest of Okawaru.
             Collided with a rock wall (15 damage)
             ... caused by Erica
             ... on level 8 of the Dungeon.
             The game lasted 00:17:14 (7571 turns).

tilp the Martial Artist (Octopode Transmuter)       Turns: 7571, Time: 00:17:14

Health: -5/62      AC:  1    Str:  9    XL:     9   Next: 74%
Magic:  8/12       EV: 16    Int: 18    God:    Okawaru [***...]
Gold:   478        SH:  0    Dex: 13    Spells: 5/13 levels left

rFire    . . .     SeeInvis .     - Unarmed
rCold    + . .     Faith    .   (no shield)
rNeg     . . .     Spirit   .   (helmet restricted)
rPois    .         Reflect  .   m - amulet of regeneration
rElec    .         Harm     .   p - ring of protection from cold
rCorr    .         Rampage  .   (no ring)
Will     .....                  (no ring)
Stlth    +++.......             (no ring)
HPRegen  1.20/turn              (no ring)
MPRegen  0.13/turn              (no ring)
                                (no ring)
                                (no ring)

@: wereblooded
A: almost no armour, stealthy swim, amphibious, 8 rings, constrict 8, camouflage
1, gelatinous body 1
a: Renounce Religion, Heroism


You were on level 8 of the Dungeon.
You worshipped Okawaru.
Okawaru was most pleased with you.
You visited 2 branches of the dungeon, and saw 9 of its levels.

You collected 478 gold pieces.

Inventory:

Missiles
 c - 7 javelins
 h - 11 boomerangs
 j - 51 poisoned darts (quivered)
 v - 3 curare-tipped darts {!f}
Jewellery
 m - an amulet of regeneration (around mantle)
 p - a ring of protection from cold (left tentacle)
 q - a ring of fire
Wands
 a - a wand of iceblast (5)
Scrolls
 b - a scroll of teleportation
 d - 5 scrolls of amnesia
 g - a scroll of blinking
 k - 2 scrolls of fog
 l - 2 scrolls of magic mapping
 u - 2 scrolls of enchant weapon
Potions
 e - 3 potions of lignification
 f - 2 potions of haste
 i - 2 potions of cancellation
 n - a potion of magic
 o - a potion of mutation
 s - a potion of ambrosia {unknown}
 t - a potion of berserk rage {unknown}
 w - a potion of curing


   Skills:
 - Level 6.0 Fighting
 - Level 6.0 Dodging
 - Level 4.0 Stealth
 - Level 8.0 Unarmed Combat
 + Level 2.5 Spellcasting
 + Level 1.5 Translocations
 - Level 2.0 Transmutations
 + Level 1.9 Poison Magic
 - Level 4.0 Invocations
 - Level 4.0 Evocations


You had 5 spell levels left.
You knew the following spells:

 Your Spells              Type           Power        Failure   Level
a - Beastly Appendage     Tmut           18%          8%          1
b - Wereblood             Tmut           9%           12%         2
c - Spider Form           Tmut/Pois      4%           22%         3
d - Apportation           Tloc           14%          10%         1
e - Corona                Hex            2%           17%         1

Your spell library contained the following spells:

 Spells                   Type           Power        Failure   Level
 Animate Skeleton         Necr           4%           17%         1
 Pain                     Necr           8%           17%         1
 Summon Small Mammal      Summ           8%           17%         1
 Vampiric Draining        Necr           1%           45%         3
 Ice Form                 Ice/Tmut       5%           75%         4
 Animate Dead             Necr           1%           86%         4
 Blade Hands              Tmut           4%           91%         5
 Agony                    Necr           2%           99%         5


Dungeon Overview and Level Annotations

Branches:
Dungeon (8/15)             Temple (1/1) D:5
   Lair: D:8-11

Altars:
Ashenzari
Cheibriados
Dithmenos
Elyvilon
Fedhas
Gozag
Hepliaklqana
Kikubaaqudgha
Makhleb
Nemelex Xobeh
Okawaru
Qazlal
Ru
Sif Muna
Trog
Uskayaw
Vehumet
Wu Jian
Xom
Yredelemnul
Zin
The Shining One

Shops:
D:6 :

Annotations:
D:4 exclusions: 2 ogres, orc and 2 worms
D:5 2 transporters, exclusions: centaur and water moccasin
D:6 exclusion: bullfrog, Sigmund
D:8 Erica


Innate Abilities, Weirdness & Mutations

You cannot wear most types of armour.
You are very stealthy in the water. (Stealth+)
You are amphibious.
You can wear up to eight rings at the same time.
You can use your tentacles to constrict eight enemies at once.
Your skin changes colour to match your surroundings (Stealth+).
Your rubbery body absorbs attacks. (AC +1, EV +1)


Message History

You kill the kobold!
Okawaru accepts your kill.
The kobold brigand throws a poisoned dart.
The poisoned dart closely misses you.
Unknown command.
You tentacle-slap the kobold but do no damage.
Your grab misses the kobold.
You pierce the kobold.
Your squeeze misses the kobold.
The kobold is severely wounded.
Unknown command.
You bludgeon the kobold!
You kill the kobold!
Okawaru accepts your kill.
Unknown command.
You tentacle-slap the kobold. You grab the kobold.
You pierce the kobold.
You kill the kobold!
Okawaru accepts your kill.
Unknown command.
You miss something.
Your tentacle spike misses something.
Something hits you. Something burns you.
Unknown command.
Casting: Wereblood (safe; 12% risk of failure)
Confirm with . or Enter, or press ? or * to list all spells.
Aiming: Corona (safe; 17% risk of failure)
Press: ? - help, Shift-Dir - straight line Nothing appears to happen.
Unknown command.
Casting: Corona (safe; 17% risk of failure)
Confirm with . or Enter, or press ? or * to list all spells.
Aiming: Corona (safe; 17% risk of failure)
Press: ? - help, Shift-Dir - straight line Nothing appears to happen.
Your tentacle spike disappears.
You hear some strange, mumbled words.
A lance of force appears from out of thin air!
The lance of force hits you!!
* * * LOW HITPOINT WARNING * * *
You are knocked back by the lance of force.
You slam into the rock wall!
You die...

............# #....#'##..
......K.....# #....#..#..
............# #....#..+..
............####....#..#..
.......####........#######
.......#..#........# #.
(.....){..#........# #.
..(....#..#........# ##
.(.....##@#........# #
(...### #.##'####### ..##
... #....#.....# .... ..
#....#.._..# #+## .
#...##..___#.....#
#####'##l...>#....).
#......#5.__.#......
#......#######......
#......##..##.......


There were no monsters in sight!

Vanquished Creatures
  An ugly thing (D:8)
  A wyvern (D:8)
  3 sky beasts
  4 orc warriors
  2 ogres
  A centaur (D:7)
  2 bullfrogs (D:7)
  2 scorpions
  8 wights (D:7)
  A centaur zombie (D:6)
  3 jellies
  3 orc priests
  2 centaur skeletons
  Terence (D:2)
  4 orc wizards
  5 worker ants
  A hound zombie (D:8)
  A worker ant zombie (D:5)
  4 gnolls
  11 adders
  2 white imps (D:6)
  An ufetubus (D:8)
  2 adder zombies
  2 adder skeletons
  2 worms (D:2)
  2 dart slugs
  2 leopard geckos
  21 orcs
  2 ball pythons
  5 giant cockroaches
  8 goblins
  2 hobgoblins (D:2)
  7 jackals (D:3)
  A quokka (D:4)
  10 bats
  4 frilled lizards
  A jackal zombie (D:5)
  11 kobolds
  A leopard gecko zombie (D:6)
  A quokka zombie (D:6)
  6 rats
153 creatures vanquished.

Vanquished Creatures (others)
  A kobold (D:8)
1 creature vanquished.

Grand Total: 154 creatures vanquished

Notes
Turn   | Place    | Note
-------+----------+-------------------------------------------
     0 | D:1      | tilp the Octopode Transmuter began the quest for the Orb.
     0 | D:1      | Reached XP level 1. HP: 13/13 MP: 3/3
    50 | D:1      | Reached skill level 1 in Stealth
   171 | D:1      | Reached XP level 2. HP: 13/18 MP: 5/5
   176 | D:1      | Learned a level 2 spell: Wereblood
   674 | D:1      | Reached XP level 3. HP: 22/23 MP: 6/6
  1430 | D:2      | Reached XP level 4. HP: 29/29 MP: 7/7
  1472 | D:2      | Noticed Terence
  1483 | D:2      | Killed Terence
  1536 | D:2      | Found a faded altar of an unknown god.
  1666 | D:2      | Reached XP level 5. HP: 29/35 MP: 6/8
  1953 | D:3      | Reached skill level 4 in Unarmed Combat
  1961 | D:3      | You fall into a shaft and drop 2 floors!
  1961 | D:5      | Entered Level 5 of the Dungeon
  1974 | D:5      | Noticed an orc warrior
  1996 | D:5      | Killed an orc warrior
  1997 | D:5      | Reached XP level 6. HP: 17/42 MP: 7/9
  2179 | D:5      | Noticed a water moccasin
  2214 | D:5      | Found a transporter.
  2216 | D:5      | Noticed a fire bat
  2218 | D:5      | Noticed a fire bat
  2218 | D:5      | Noticed a fire bat
  2397 | D:5      | Found a transporter.
  2649 | D:4      | Reached skill level 5 in Unarmed Combat
  3065 | D:3      | Found a sparkling altar of Nemelex Xobeh.
  3067 | D:3      | Found a shimmering altar of Xom.
  3145 | D:3      | Found a white marble altar of Elyvilon.
  3647 | D:4      | Reached XP level 7. HP: 15/48 MP: 10/10
  3654 | D:4      | Reached skill level 6 in Unarmed Combat
  4281 | D:5      | Found a staircase to the Ecumenical Temple.
  4299 | Temple   | Entered the Ecumenical Temple
  4322 | Temple   | Reached skill level 5 in Fighting
  4559 | Temple   | Became a worshipper of Warmaster Okawaru
  5149 | D:6      | Reached XP level 8. HP: 31/57 MP: 11/11
  5226 | D:6      | Learned a level 1 spell: Corona
  5228 | D:6      | Learned a level 1 spell: Apportation
  5232 | D:6      | Learned a level 3 spell: Spider Form
  5241 | D:6      | Found Zoc Ziot's Book Shop.
  5265 | D:6      | Reached skill level 1 in Invocations
  5265 | D:6      | Reached skill level 1 in Evocations
  5617 | D:6      | Noticed Sigmund
  5721 | D:6      | Reached * piety under Okawaru
  6458 | D:7      | Reached skill level 7 in Unarmed Combat
  6458 | D:7      | Reached XP level 9. HP: 48/62 MP: 10/12
  6525 | D:7      | Reached ** piety under Okawaru
  7194 | D:8      | Found a blossoming altar of Fedhas.
  7246 | D:8      | Found a burning altar of Makhleb.
  7296 | D:8      | Noticed a brown ugly thing
  7308 | D:8      | Killed a brown ugly thing
  7309 | D:8      | Reached skill level 5 in Dodging
  7309 | D:8      | Reached skill level 8 in Unarmed Combat
  7488 | D:8      | Found a shimmering altar of Xom.
  7497 | D:8      | Found a shimmering altar of Xom.
  7497 | D:8      | Found a shimmering altar of Xom.
  7498 | D:8      | Found a shimmering altar of Xom.
  7504 | D:8      | Found a shimmering altar of Xom.
  7506 | D:8      | Found a shimmering altar of Xom.
  7506 | D:8      | Found a shimmering altar of Xom.
  7522 | D:8      | Reached *** piety under Okawaru
  7523 | D:8      | Reached skill level 1 in Translocations
  7523 | D:8      | Reached skill level 1 in Poison Magic
  7556 | D:8      | Noticed Erica
  7571 | D:8      | Collided with a rock wall

Illustrated notes

Levels and vault maps discovered:
D:1:      scummos_arrival_gate, layout_basic
D:2:      minmay_diamond_boxcup, layout_basic, chequers_ecumenical_altar_twisty,
          kennysheep_generic_room_4, uniq_terence
D:3:      layout_basic, lemuel_round_altar, nicolae_overflow_hidden_temple,
          st_stairs_7
D:4:      layout_rooms, kennysheep_generic_room_2
D:5:      gammafunk_cloud_chamber, layout_basic, temple_fountains
D:6:      layout_gridville, serial_shops, shop_statue, uniq_sigmund
D:7:      layout_rooms
D:8:      layout_gridville, fedhas_altar_4, ebering_ghost_gozag, basic_altar,
          xom_shifter_show, uniq_erica
Temple:   dpeg_five_rooms_temple

Skill      XL: |  1  2  3  4  5  6  7  8  9 |
---------------+----------------------------+-----
Stealth        | 2 3 4 |  4.0
Fighting       | 2 3 4 6 |  6.0
Unarmed Combat | 4 5 6 7 8 |  8.0
Invocations    | 3 4 |  4.0
Evocations     | 3 4 |  4.0
Dodging        | 4 6 |  6.0
Translocations | 1 |  1.5
Poison Magic   | 1 |  1.9
Spellcasting   | |  2.5
Transmutations | |  2.0

Action                   |  1- 3 |  4- 6 |  7- 9 || total
-------------------------+-------+-------+-------++-------
Melee: Unarmed           |    73 |   138 |   282 ||   493
       Tentacles         |    14 |    32 |    54 ||   100
       Constrict         |    20 |    32 |    57 ||   109
       Punch             |     3 |     4 |    12 ||    19
       Kick              |     3 |    18 |    78 ||    99
Throw: Dart              |     6 |    20 |    47 ||    73
 Cast: Beastly Appendage |     7 |    11 |    38 ||    56
       Wereblood         |       |     3 |     9 ||    12
       Corona            |       |       |     3 ||     3
Invok: Heroism           |       |       |     1 ||     1
  Use: Scroll            |     1 |     9 |     8 ||    18
       Potion            |       |     1 |     4 ||     5
 Stab: Sleeping          |     9 |     9 |     6 ||    24
Armor: Skin              |     8 |     4 |     5 ||    17
Dodge: Dodged            |    48 |    65 |   142 ||   255

Table legend: (Time is in decaauts)
 A = Elapsed time spent in this place.
 B = Non-inter-level travel time spent in this place.
 C = Inter-level travel time spent in this place.
 D = Time resting spent in this place.
 E = Time spent auto-exploring this place.
 F = Levels seen in this place.
 G = Mean time per level.
                   A        B        C        D        E       F      G
               +--------+--------+--------+--------+--------+-----+--------+
         Total |   7500 |   7111 |    389 |    877 |   4517 |   9 |  833.3 |
       Dungeon |   7148 |   6810 |    338 |    830 |   4311 |   8 |  893.5 |
        Temple |    351 |    300 |     51 |     47 |    206 |   1 |  351.0 |
               +--------+--------+--------+--------+--------+-----+--------+

Top non-repeatable levels by time:
     D:6: 1087 daAuts
     D:5: 1023 daAuts
     D:2: 978 daAuts
     D:7: 909 daAuts
     D:1: 908 daAuts
     D:3: 875 daAuts
     D:4: 825 daAuts
     D:8: 539 daAuts
  Temple: 351 daAuts
